 Dungeon Crawl Stone Soup version 0.32-a0-450-g080537f31e (webtiles) character file.

Game seed: 14329354936482359301

7513 runemasterragnar the Carver (level 11, -8/90 HPs)
             Began as a Coglin Gladiator on Feb 23, 2024.
             Was an Elder of Okawaru.
             Mangled by a skeletal warrior
             ... wielding a +0 hand axe
              (22 damage)
             ... on level 11 of the Dungeon.
             The game lasted 00:12:57 (8523 turns).

runemasterragnar the Carver (Coglin Gladiator)      Turns: 8523, Time: 00:12:57

Health: -8/90      AC: 10    Str: 12    XL:     11   Next: 16%
Magic:  11/11      EV: 16    Int:  9    God:    Okawaru [****..]
Gold:   196        SH:  0    Dex: 19    Spells: 10/10 levels left

rFire   . . .        P - +5 scimitar {Gabriela}
rCold   . . .        a - +0 long sword (venom) {Jacinta}
rNeg    . . .        n - +4 ring mail
rPois   .            (helmet restricted)
rElec   .            L - +0 cloak
rCorr   +            (no gloves)
SInv    .            (no boots)
Will    .....        F - amulet of regeneration
Stlth   +            o - +5 ring of evasion
HPRegen 1.15/turn    i - ring of resist corrosion
MPRegen 0.12/turn

%: no passive effects
@: studying Air Magic
A: off-hand wielding, slow wielding, warmup strikes, legs shutdown, beak, weak 1
a: Renounce Religion, Heroism, Finesse


You were on level 11 of the Dungeon.
You worshipped Okawaru.
Okawaru was greatly pleased with you.
You visited 2 branches of the dungeon, and saw 12 of its levels.
You also visited: Ossuary.

You collected 306 gold pieces.
You spent 110 gold pieces at shops.

Inventory:

Hand Weapons
 a - a +0 long sword of venom (offhand) {Jacinta}
 t - a +0 rapier {Yuina}
 y - a +2 hand axe of electrocution {Doyun}
 G - a +1 mace of protection
 H - a +0 scimitar
 M - a +0 dagger of chaos
 P - a +5 scimitar (weapon) {Gabriela}
Missiles
 d - 4 throwing nets (quivered)
 e - a javelin
 u - 3 atropa-tipped darts
Armour
 b - a +0 leather armour
 c - a +1 helmet
 g - a +3 leather armour of cold resistance
 l - a +0 ring mail
 n - a +4 ring mail (worn)
 L - a +0 cloak (worn)
Magical Staves
 h - a staff of fire
Jewellery
 i - a ring of resist corrosion (right grasper)
 o - a +5 ring of evasion (left grasper)
 C - a ring of ice
 F - an amulet of regeneration (around neck)
 T - an amulet of the acrobat
Wands
 q - a wand of flame (17)
 w - a wand of roots (20)
 S - a wand of digging (7)
Scrolls
 f - 3 scrolls of poison
 m - a scroll of immolation
 r - 4 scrolls of enchant armour
 A - 2 scrolls of amnesia
 K - 2 scrolls of revelation
 R - a scroll of teleportation {unknown}
 U - 2 scrolls of brand weapon
Potions
 j - a potion of cancellation
 k - 2 potions of curing
 p - a potion of resistance
 s - 2 potions of might
 v - 2 potions of magic
 x - 4 potions of attraction
 z - 3 potions of lignification
 B - 3 potions of ambrosia
 D - a potion of mutation
 E - a potion of berserk rage {unknown}
 N - 3 potions of haste


   Skills:
 + Level 10.1 Fighting
 * Level 13.9 Long Blades
 - Level 1.7 Throwing
 - Level 2.6 Dodging


You had 10 spell levels left.
You didn't know any spells.
Your spell library contained the following spells:

 Spells                   Type           Power      Damage    Failure   Level
 Blink                    Tloc           0%         N/A       80%         2
 Lesser Beckoning         Tloc           0%         N/A       80%         2
 Momentum Strike          Conj/Tloc      0%         3d8       80%         2
 Sublimation of Blood     Necr           0%         N/A       80%         2
 Gell's Gravitas          Tloc           0%         N/A       95%         3
 Teleport Other           Tloc           0%         N/A       95%         3
 Call Imp                 Summ           Unusable   N/A       N/A         2
 Summon Hydra             Summ           Unusable   N/A       N/A         7

Dungeon Overview and Level Annotations

Branches:
Dungeon (11/15)            Temple (1/1) D:6             Orc (0/2) D:10
Ossuary (visited)
   Lair: D:8-11

Altars:
Ashenzari
Cheibriados
Dithmenos
Elyvilon
Fedhas
Gozag
Hepliaklqana
Kikubaaqudgha
Makhleb
Nemelex Xobeh
Okawaru
Qazlal
Ru
Sif Muna
Trog
Uskayaw
Vehumet
Wu Jian
Xom
Yredelemnul
Zin
The Shining One

Shops:
D:4 !

Annotations:
D:7 3 runed translucent doors, Maurice; knightboat's ghost, novice AtBr
D:9 2 transporters
D:10 2 transporters, Dittersdorf's ghost, journeyman GrFi


Innate Abilities, Weirdness & Mutations

You can wield a second weapon in your off-hand.
It takes a long time for you to wield or remove held weapons.
Your first few attacks do less damage.
Attacking and casting redirects power from your legs.
You have a beak for a mouth.
You are weak. (Str -2)


Message History

The skeletal warrior attacks as it pursues you!
The skeletal warrior barely misses you.
You see here a +2 mace of protection.
Aiming: Fastroot
Press: ? - help, Shift-Dir - straight line The roots erupt in riotous growth!
Roots grab the skeletal warrior. x3
The grasping roots constrict the skeletal warrior. x3
A skeletal warrior comes into view. It is wielding a +0 glaive.
The skeletal warrior hits you with a +0 long sword!
The skeletal warrior hits you but does no damage.
The skeletal warrior struggles to escape constriction.
Unknown command.
Unknown command.
Okay, then.
Aiming: Fastroot
Press: ? - help, Shift-Dir - straight line, f - skeletal warrior
Aim: a skeletal warrior, wielding a +2 vampiric glaive (lightly damaged, constricted by roots)
The roots erupt in riotous growth!
The skeletal warrior is unaffected. x3
The grasping roots constrict the skeletal warrior, but do no damage.
The grasping roots constrict the skeletal warrior.
The grasping roots constrict the skeletal warrior, but do no damage.
The roots release their grip on the skeletal warrior. x3
The skeletal warrior barely misses you.
The skeletal warrior closely misses you.
Unknown command.
Unknown command.
Unknown command.
Okay, then.
As you read the scroll labelled ESTURE LEYTILU, it crumbles to dust.
Your body is wracked with pain!
It was a scroll of torment.
The skeletal warrior hits you with a +0 long sword!!
* * * LOW HITPOINT WARNING * * *
The skeletal warrior closely misses you.
You feel much better.
The skeletal warrior hits you with a +0 long sword!
The skeletal warrior hits you from afar with a +2 vampiric glaive!!
* * * LOW HITPOINT WARNING * * *
The skeletal warrior hits you with a +0 hand axe!!
You die...

########## #.........
#......... #.........
#......... #.z...$...
#####.z.......
##~~.zz####.###
#.~~~@## #.~~~~#
#########.~~~~###+###
#.......##~..........
#.......####.........
#.......'..'.......<.
#.......####.........
#.......# #.........
####'#### ########+#


You could see 4 skeletal warriors.

Vanquished Creatures
  2 two-headed ogres
  2 gargoyles (D:10)
  Prince Ribbit (D:8)
  A vampire (D:10)
  2 wyverns
  A wraith (D:9)
  6 yaks (D:8)
  Eustachio (D:5)
  A warg (D:10)
  Edmund (D:5)
  An acid dragon (D:8)
  2 water moccasins
  An ice beast (D:8)
  2 orc warriors (D:10)
  A sky beast (D:8)
  An ogre (D:5)
  2 centaurs (D:9)
  A kobold brigand (D:10)
  2 elf zombies (Ossuary)
  3 bullfrogs
  2 gnoll sergeants
  4 scorpions
  Blork the orc (D:5)
  A wyvern zombie (D:6)
  5 wights (D:7)
  5 killer bees (D:7)
  A howler monkey (D:10)
  4 crimson imps (D:10)
  3 centaur zombies (Ossuary)
  7 orc priests
  Crazy Yiuf (D:6)
  A bombardier beetle (D:4)
  3 jellies
  A hound (D:5)
  4 iguanas
  Jessica (D:3)
  10 orc wizards
  A killer bee zombie (D:6)
  4 hound zombies (Ossuary)
  3 mummies
  5 gnolls (D:7)
  9 adders
  2 shadow imps
  A white imp (D:6)
  9 adder zombies (Ossuary)
  2 dart slugs
  2 ribbon worms
  24 orcs
  2 endoplasms (D:3)
  3 giant cockroaches
  3 gnoll zombies (Ossuary)
  2 goblins
  6 hobgoblins
  3 jackals (D:1)
  8 kobolds
  2 quokkas
  5 ball pythons
  A bat (D:2)
  9 frilled lizards
  5 jackal zombies (Ossuary)
  3 kobold zombies (Ossuary)
  8 orc zombies (Ossuary)
  6 rats
216 creatures vanquished.

Notes
Turn   | Place    | Note
-------+----------+-------------------------------------------
     0 | D:1      | runemasterragnar the Coglin Gladiator began the quest for
                  | the Orb.
     0 | D:1      | Reached XP level 1. HP: 16/16 MP: 1/1
   160 | D:1      | You fall into a shaft and drop 1 floor!
   350 | D:1      | Reached XP level 2. HP: 21/22 MP: 2/2
   677 | D:1      | Reached XP level 3. HP: 22/28 MP: 3/3
  1096 | D:2      | Reached skill level 4 in Long Blades
  1205 | D:2      | Found a faded altar of an unknown god.
  1220 | D:2      | Found a faded altar of an unknown god.
  1496 | D:3      | Found a glowing golden altar of the Shining One.
  1525 | D:3      | Reached XP level 4. HP: 31/34 MP: 4/4
  1746 | D:3      | Identified the +0 mace "Reyd" {freeze, rPois rC+ Dex-5}
  1794 | D:3      | Noticed Jessica
  1799 | D:3      | Killed Jessica
  2132 | D:4      | Reached XP level 5. HP: 37/41 MP: 5/5
  2259 | D:4      | Reached skill level 5 in Long Blades
  2356 | D:4      | Reached XP level 6. HP: 37/48 MP: 6/6
  2442 | D:4      | Found Loclur's Distillery.
  2445 | D:4      | Bought a potion of curing for 33 gold pieces
  2445 | D:4      | Bought a potion of attraction for 33 gold pieces
  2445 | D:4      | Bought a potion of might for 44 gold pieces
  3227 | D:5      | Entered Level 5 of the Dungeon
  3248 | D:5      | Noticed Edmund
  3260 | D:5      | Killed Edmund
  3261 | D:5      | Reached skill level 6 in Long Blades
  3264 | D:5      | Reached XP level 7. HP: 5/55 MP: 7/7
  3264 | D:5      | HP: 2/55 [hound (3)]
  3341 | D:5      | Noticed Eustachio
  3346 | D:5      | Killed Eustachio
  3347 | D:5      | Reached skill level 5 in Fighting
  3347 | D:5      | Reached skill level 7 in Long Blades
  3368 | D:5      | Found a sand-covered staircase.
  3377 | Ossuary  | Entered an ossuary
  3580 | Ossuary  | Reached XP level 8. HP: 59/63 MP: 8/8
  3593 | Ossuary  | Reached skill level 8 in Long Blades
  3826 | D:5      | Found a blossoming altar of Fedhas.
  3997 | D:5      | Reached skill level 9 in Long Blades
  4278 | D:5      | Noticed Blork the orc
  4283 | D:5      | Killed Blork the orc
  4464 | D:6      | Identified the +0 chain mail of Hadjma {^Contam Will+
                  | Slay+6}
  4621 | D:6      | Reached XP level 9. HP: 59/71 MP: 9/9
  4632 | D:6      | Found a basalt altar of Yredelemnul.
  4745 | D:6      | Found a staircase to the Ecumenical Temple.
  4785 | Temple   | Entered the Ecumenical Temple
  4803 | Temple   | Became a worshipper of Warmaster Okawaru
  4888 | D:6      | Found a broken altar of Ashenzari.
  5060 | D:6      | Found a runed translucent door.
  5061 | D:6      | Noticed Crazy Yiuf
  5265 | D:6      | Killed Crazy Yiuf
  5354 | D:7      | Reached skill level 10 in Long Blades
  5414 | D:7      | Reached * piety under Okawaru
  5526 | D:7      | Found a glowing silver altar of Zin.
  5541 | D:7      | Found a runed translucent gate.
  5541 | D:7      | Found a runed translucent gate.
  5541 | D:7      | Found a runed translucent gate.
  5542 | D:7      | Noticed knightboat's ghost (novice AtBr)
  5544 | D:7      | Found a hide-covered altar of Uskayaw.
  5557 | D:7      | Reached skill level 11 in Long Blades
  5744 | D:7      | Noticed Maurice
  5760 | D:7      | Something stole 200 gold
  5765 | D:7      | Something stole a staff of air
  5766 | D:7      | Something stole a ring of flight
  6156 | D:8      | Noticed Prince Ribbit
  6168 | D:8      | Killed Prince Ribbit
  6400 | D:8      | Reached XP level 10. HP: 79/80 MP: 10/10
  6408 | D:8      | Reached ** piety under Okawaru
  6543 | D:8      | Reached skill level 12 in Long Blades
  7055 | D:9      | Found a transporter.
  7066 | D:9      | Found a transporter.
  7285 | D:9      | Noticed a two-headed ogre
  7292 | D:9      | Killed a two-headed ogre
  7292 | D:9      | Reached *** piety under Okawaru
  7640 | D:10     | Entered Level 10 of the Dungeon
  7691 | D:10     | Gained mutation: You are weak. (Str -2) [potion of
                  | mutation]
  7691 | D:10     | Gained mutation: You have a beak for a mouth. [potion of
                  | mutation]
  7780 | D:10     | Found a bloodstained altar of Trog.
  7780 | D:10     | Noticed a two-headed ogre
  7790 | D:10     | Killed a two-headed ogre
  7791 | D:10     | Reached skill level 13 in Long Blades
  7807 | D:10     | Found a shimmering altar of Xom.
  7864 | D:10     | Noticed a tengu warrior
  7864 | D:10     | Noticed Dittersdorf's ghost (journeyman GrFi)
  7864 | D:10     | Noticed a moth of wrath
  7866 | D:10     | Found a bloodstained altar of Trog.
  7874 | D:10     | Found a transporter.
  8030 | D:10     | Noticed a two-headed ogre
  8047 | D:10     | Found a transporter.
  8098 | D:10     | Noticed a gargoyle
  8103 | D:10     | Killed a gargoyle
  8103 | D:10     | Reached **** piety under Okawaru
  8205 | D:10     | Reached XP level 11. HP: 90/90 MP: 11/11
  8266 | D:10     | Reached skill level 10 in Fighting
  8301 | D:10     | Found a staircase to the Orcish Mines.
  8409 | D:10     | Found a hazy altar of Hepliaklqana.
  8410 | D:10     | Found a faded altar of an unknown god.
  8478 | D:11     | Identified the +8 dagger "Kuma" {drain, rN+ Int+3 SInv}
  8513 | D:11     | Noticed a skeletal warrior
  8514 | D:11     | Noticed a skeletal warrior
  8514 | D:11     | Noticed a skeletal warrior
  8519 | D:11     | Noticed a skeletal warrior
  8523 | D:11     | Mangled by a skeletal warrior

Illustrated notes

Levels and vault maps discovered:
D:1:      minmay_arrival_glassed_features, layout_basic, minmay_lizard_king
D:2:      layout_loops_ring, hellmonk_ecumenical_altar_the_god_not_taken
D:3:      layout_basic, lemuel_doored_altar, minmay_circle_x, uniq_jessica
D:4:      layout_basic, serial_shops, nicolae_shop_real_fake_doors,
          minmay_manual_mess
D:5:      layout_basic, fedhas_altar_4, gup_ossuary_entry_pyramid,
          nrook_mini_backslash, uniq_edmund, uniq_eustachio, uniq_blork_the_orc
D:6:      layout_loops_ring, marbit_many_paths, lemuel_zombie_altar_yredelemnul,
          minmay_temple_entry_stoned_glass, chequers_decorated_corner,
          abandoned_shop, uniq_crazy_yiuf_cottage
D:7:      layout_cave_pools, mainiacjoe_overflow_catwalk,
          overflow_temple_1_default, gammafunk_ghost_nasty_kobolds, uniq_maurice
D:8:      layout_basic, uniq_prince_ribbit1
D:9:      gammafunk_steamed_eel, layout_irregular_city, minmay_statues_item
D:10:     layout_roguey, beargit_hepliaklqana_dungeon_heroes, bloody_trog,
          led_xom_imps, david_orc_3, gammafunk_ghost_wrathful_warriors
D:11:     layout_roguey, lair_entry_dummy, ldierk_geyser, kennysheep_cross_room,
          tgw_sif, uniq_sonja
Temple:   nicolae_temple_god_jail

Skill      XL: |  1  2  3  4  5  6  7  8  9 10 11 |
---------------+----------------------------------+-----
Long Blades    | 4 5 6 7 9 11 13 | 13.9
Fighting       | 3 4 5 6 8 9 10 | 10.1
Throwing       | |  1.7
Dodging        | |  2.6

Action                     |  1- 3 |  4- 6 |  7- 9 | 10-12 || total
---------------------------+-------+-------+-------+-------++-------
  Melee: Long sword        |    94 |    66 |   175 |    87 ||   422
         Rapier            |    15 |     6 |       |       ||    21
         Hand axe          |       |    63 |   217 |    26 ||   306
         Scimitar          |       |       |    48 |   114 ||   162
         Peck              |       |       |       |    13 ||    13
  Evoke: Wand              |       |       |     1 |     4 ||     5
    Use: Potion            |       |     4 |     1 |     4 ||     9
         Scroll            |       |    10 |     3 |     4 ||    17
 Armour: Leather armour    |     7 |       |   162 |       ||   169
         Ring mail         |    70 |    68 |     8 |    92 ||   238
  Dodge: Dodged            |    63 |    44 |   195 |    62 ||   364

Table legend: (Time is in decaauts)
 A = Elapsed time spent in this place.
 B = Non-inter-level travel time spent in this place.
 C = Inter-level travel time spent in this place.
 D = Time resting spent in this place.
 E = Time spent auto-exploring this place.
 F = Levels seen in this place.
 G = Mean time per level.
                   A        B        C        D        E       F      G
               +--------+--------+--------+--------+--------+-----+--------+
         Total |   8541 |   8291 |    250 |    622 |   6012 |  13 |  657.0 |
       Dungeon |   8173 |   7939 |    234 |    622 |   5845 |  11 |  743.0 |
        Temple |     34 |     18 |     16 |      0 |      0 |   1 |   34.0 |
       Ossuary |    333 |    333 |      0 |      0 |    167 |   1 |  333.0 |
               +--------+--------+--------+--------+--------+-----+--------+

Top non-repeatable levels by time:
     D:4: 1185 daAuts
     D:6: 946 daAuts
     D:5: 884 daAuts
     D:8: 880 daAuts
     D:2: 764 daAuts
    D:10: 759 daAuts
     D:7: 756 daAuts
     D:1: 721 daAuts
     D:9: 648 daAuts
     D:3: 575 daAuts
 Ossuary: 333 daAuts
    D:11: 52 daAuts
  Temple: 34 daAuts
